 Dungeon Crawl Stone Soup version 0.25-a0-287-g56a5b49892 (webtiles) character file.

Game seed: 11346707861931930212, levelgen mode: deterministic

151 Anathary the Chopper (level 5, -8/46 HPs)
             Began as a Hill Orc Fighter on Dec 12, 2019.
             Was an Initiate of Gozag.
             Killed by divine providence
             ... invoked by an orc priest
              (16 damage)
             ... on level 4 of the Dungeon.
             The game lasted 00:10:11 (2360 turns).

Anathary the Chopper (Hill Orc Fighter)             Turns: 2360, Time: 00:10:13

Health: -8/46      AC: 15    Str: 20    XL:     5   Next: 33%
Magic:  5/5        EV:  3    Int:  8    God:    Gozag
Gold:   90         SH:  9    Dex: 10    Spells: 4/4 levels left

rFire    . . .     SeeInvis .   a - +0 war axe
rCold    . . .     Gourm    .   c - +0 shield
rNeg     . . .     Faith    .   r - +1 plate armour
rPois    .         Spirit   .   v - +0 helmet
rElec    .         Reflect  .   i - +0 cloak
rCorr    .         Harm     .   g - +0 pair of gloves
MR       .....                  (no boots)
Stlth    ..........             (no amulet)
HPRegen  0.15/turn              (no ring)
MPRegen  0.09/turn              (no ring)

@: gold aura
A: no striking features
a: Potion Petition, Call Merchant, Bribe Branch, Renounce Religion, Convert to
Beogh


You were on level 4 of the Dungeon.
You worshipped Gozag.
Gozag was noncommittal.
You were not hungry.

You visited 1 branch of the dungeon, and saw 4 of its levels.

You collected 165 gold pieces.
You paid 75 gold pieces to Gozag.

Inventory:

Hand Weapons
 a - a +0 war axe (weapon)
Armour
 c - a +0 shield (worn)
 g - a +0 pair of gloves (worn)
 i - a +0 cloak (worn)
 r - a +1 plate armour (worn)
 v - a +0 helmet (worn)
Wands
 h - a wand of acid (10)
 s - a wand of disintegration (15)
Scrolls
 j - a scroll of random uselessness {unknown}
 k - a scroll of immolation {unknown}
 n - 2 scrolls of fog {unknown}
 p - 7 scrolls of identify {unknown}
 t - 2 scrolls of fear {unknown}
 u - a scroll of teleportation {unknown}
Potions
 b - 2 potions of curing {unknown}
 d - a potion of might
 e - 3 potions of mutation {unknown}
 l - a potion of flight {unknown}
 o - a potion of invisibility {unknown}
 q - a potion of lignification {unknown}
 w - a potion of cancellation {unknown}
Comestibles
 f - 3 rations


   Skills:
 - Level 3.6 Fighting
 + Level 6.8 Axes
 + Level 3.3 Armour
 - Level 0.5 Dodging
 - Level 3.3 Shields


You had 4 spell levels left.
You didn't know any spells.
Your spell library was empty.

Dungeon Overview and Level Annotations

Branches:
Dungeon (4/15)
 Temple: D:4-7

Altars:
Gozag


Message History

The orc priest shouts, "Join the one true god or die!"
The orc priest hits you with a +0 dagger.
You hit the orc priest but do no damage.
The orc priest is moderately wounded.
The orc priest completely misses you.
You closely miss the orc priest.
The orc priest is moderately wounded.
You barely miss something. Something hits you but does no damage.
The orc priest calls down the wrath of Beogh upon you.
Beogh smites you!
* * * LOW HITPOINT WARNING * * *
Something hits you but does no damage.
You closely miss the orc priest.
The orc priest is moderately wounded.
You closely miss something.
The orc becomes distracted by the nearby gold, dreaming of imaginary riches.
The orc priest mumbles some strange prayers to Beogh against you.
Beogh smites you!
You die...
Your body crumbles into a pile of gold.

... ##.# #......# #.#
#.# #. ######.# #.# #.#
#. #.# #.# #.# ##.# #.#
#.# #.# #... #.# #.#
#.###...### #.# #<#
#.#.......#######.#
#.###
#(#.......$.......#
#...#
#.#......@#########
..##.###.###...o........
.[.......# #..o#########
#.##.##### ##.# #. #.#
... #. #.# .## .. ... #
#. #.# ..# $


You could see an orc priest and an orc (unaware).

Vanquished Creatures
  Jessica (D:3)
  3 adders
  4 oozes
  2 worms
  A leopard gecko (D:3)
  4 orcs
  4 ball pythons
  A giant cockroach (D:2)
  6 hobgoblins
  7 jackals (D:2)
  7 kobolds
  A quokka (D:3)
  4 bats (D:2)
  3 frilled lizards
  10 goblins
  12 rats
70 creatures vanquished.

Notes
Turn   | Place    | Note
-------+----------+-------------------------------------------
     0 | D:1      | Anathary the Hill Orc Fighter began the quest for the Orb.
     0 | D:1      | Reached XP level 1. HP: 19/19 MP: 1/1
   239 | D:1      | Reached skill level 3 in Axes
   308 | D:1      | Reached XP level 2. HP: 27/27 MP: 2/2
   411 | D:1      | Reached skill level 4 in Axes
   734 | D:1      | Reached XP level 3. HP: 33/33 MP: 3/3
   983 | D:2      | Reached skill level 5 in Axes
  1138 | D:2      | Reached XP level 4. HP: 40/40 MP: 4/4
  1675 | D:3      | Noticed Jessica
  1686 | D:3      | Reached skill level 6 in Axes
  1691 | D:3      | Killed Jessica
  1691 | D:3      | Reached XP level 5. HP: 43/46 MP: 5/5
  2295 | D:4      | Found an opulent altar of Gozag.
  2303 | D:4      | Became a worshipper of Gozag Ym Sagoz the Greedy
  2360 | D:4      | Killed from afar by an orc priest

Levels and vault maps discovered:
D:1:      erik_arrival_gehennom, layout_basic
D:2:      layout_rooms, first_ration
D:3:      layout_basic, uniq_jessica
D:4:      layout_loops_ring, overflow_temple_1_default, grunt_gozag_statues

Skill      XL: |  1  2  3  4 |
---------------+-------------+-----
Axes           | 3 4 5 6 |  6.8
Fighting       | |  3.6
Armour         | |  3.3
Dodging        | |  0.5
Shields        | |  3.3

Action                   |  1- 3 |  4- 6 || total
-------------------------+-------+-------++-------
Melee: War axe           |   114 |   106 ||   220
  Use: Scroll            |       |     4 ||     4
  Eat: Chunk             |     1 |     1 ||     2
       Ration            |       |     1 ||     1
Armor: Scale mail        |    60 |    34 ||    94
       Plate armour      |       |    17 ||    17
Dodge: Dodged            |    39 |    26 ||    65
Block: Shield            |    61 |    51 ||   112

Table legend:
 A = Non-vault XP
 B = Vault XP
 C = Vault XP percentage of total XP
 D = Non-vault monster count
 E = Vault monster count
 F = Vault count percentage of total count
                 A         B        C        D         E       F
            +---------+---------+-------+---------+---------+-------
      Total |     161 |      55 |  25.5 |      64 |       6 |   8.6
            +---------+---------+-------+---------+---------+-------
        D:1 |      19 |      18 |  48.6 |      12 |       5 |  29.4
        D:2 |      78 |       0 |   0.0 |      27 |       0 |   0.0
        D:3 |      58 |      37 |  38.9 |      23 |       1 |   4.2
        D:4 |       6 |       0 |   0.0 |       2 |       0 |   0.0
            +---------+---------+-------+---------+---------+-------
